 Dungeon Crawl Stone Soup version 0.21.1-1-g345015f (webtiles) character file.

3892 equalderp2856 the Cleaver (level 10, -7/86 HPs)
             Began as a Minotaur Fighter on May 14, 2018.
             Mangled by a two-headed ogre
             ... wielding a +0 giant club
              (15 damage)
             ... on level 8 of the Dungeon.
             The game lasted 00:12:45 (7957 turns).

equalderp2856 the Cleaver (Minotaur Fighter)        Turns: 7957, Time: 00:12:49

Health: -7/86      AC:  9    Str: 22    XL:     10   Next: 0%
Magic:  9/9        EV: 10    Int:  8    God:
Gold:   239        SH: 11    Dex: 11    Spells: 9/9 levels left

rFire    . . .     SeeInvis .   a - +0 war axe
rCold    . . .     Gourm    .   c - +0 shield
rNeg     . . .     Faith    .   b - +0 scale mail
rPois    .         Spirit   .   (helmet restricted)
rElec    +         Reflect  .   (no cloak)
rCorr    .         Harm     .   x - +0 pair of gloves of Sloth {rElec} (curse)
MR       .....                  (no boots)
Stlth    ..........             (no amulet)
HPRegen  0.24/turn              p - +2 ring of intelligence
MPRegen  0.11/turn              (no ring)

@: no status effects
A: retaliatory headbutt, horns 2
a: no special abilities


You were on level 8 of the Dungeon.
You were very hungry.

You visited 1 branch of the dungeon, and saw 8 of its levels.

You collected 350 gold pieces.
You spent 111 gold pieces at shops.

Inventory:

Hand Weapons
 a - a +0 war axe (weapon)
Armour
 b - a +0 scale mail (worn)
 c - a +0 shield (worn)
 l - a +0 pair of gloves
 x - the cursed +0 pair of gloves of Sloth (worn) {rElec}
   (You found it on level 6 of the Dungeon)

   It insulates you from electricity.
   It has a curse placed upon it.
Jewellery
 o - an uncursed amulet of harm
 p - a +2 ring of intelligence (left hand)
Wands
 s - a wand of random effects (3)
Scrolls
 e - 5 scrolls of remove curse
 g - a scroll of fog {unknown}
 i - 2 scrolls of identify
 k - 2 scrolls of enchant armour {unknown}
 m - 2 scrolls of amnesia {unknown}
 t - 3 scrolls of noise {unknown}
 v - 2 scrolls of immolation
 w - a scroll of teleportation {unknown}
 y - a scroll of vulnerability {unknown}
Potions
 d - 3 potions of might
 h - 2 potions of flight
 j - a potion of heal wounds
 n - 2 potions of agility {unknown}
 q - 3 potions of degeneration
 r - a potion of haste
 u - a potion of magic
 z - a potion of lignification {unknown}
 B - a potion of mutation {unknown}
Books
 A - a book of Changes

   Spells                             Type                      Level
   a - Beastly Appendage              Transmutation                1
   b - Sticks to Snakes               Transmutation                2
   c - Spider Form                    Transmutation/Poison         3
   d - Ice Form                       Ice/Transmutation            4
   e - Blade Hands                    Transmutation                5
Comestibles
 f - 11 rations


   Skills:
 + Level 7.4 Fighting
 + Level 10.6 Axes
 + Level 8.4 Armour
 + Level 3.5 Dodging
 + Level 0.8 Stealth
 + Level 9.0 Shields
 + Level 0.2 Evocations


You had 9 spell levels left.
You didn't know any spells.

Dungeon Overview and Level Annotations

Branches:
Dungeon (8/15)             Temple (0/1) D:7
   Lair: D:8-11

Altars:
Cheibriados
Sif Muna
Trog
Uskayaw
Vehumet
Xom

Shops:
D:5 *

Annotations:
D:6 equalderp2856's ghost, novice MiFi


Innate Abilities, Weirdness & Mutations

You reflexively headbutt those who attack you in melee.
You have a pair of horns on your head.


Message History

You block the two-headed ogre's attack. The two-headed ogre barely misses you.
You barely miss the two-headed ogre. You headbutt the two-headed ogre.
The two-headed ogre is moderately wounded.
You slash the two-headed ogre!
Your headbutt misses the two-headed ogre.
The two-headed ogre is heavily wounded.
The two-headed ogre hits you with a giant club!
The two-headed ogre hits you with a giant spiked club!!
You hit the two-headed ogre but do no damage.
Your headbutt misses the two-headed ogre.
The two-headed ogre is heavily wounded.
You barely miss the two-headed ogre.
The two-headed ogre is heavily wounded.
You barely miss the two-headed ogre. You headbutt the two-headed ogre!
The two-headed ogre is severely wounded.
You are feeling very hungry.
The two-headed ogre hits you with a giant club!!
* * * LOW HITPOINT WARNING * * *
The two-headed ogre hits you with a giant spiked club!
You die...

##....#
###..# #...##
#..# ##..#
#### #..#
#..# ###..#
###.
#(<..##....
#...†......#
#..@......##
##..O......#
#..........#
##.........#
#..(.#######
##..........#
#........<.##
#..........#
#..........#


You could see a two-headed ogre.

Vanquished Creatures
  Joseph (D:8)
  Eustachio (D:4)
  A black bear (D:7)
  An ice beast (D:5)
  2 phantoms (D:7)
  3 sky beasts (D:7)
  2 orc warriors (D:7)
  A necrophage (D:7)
  3 ogres
  5 centaurs
  A big kobold (D:7)
  2 bullfrogs (D:7)
  A water moccasin skeleton (D:6)
  2 scorpions
  10 killer bees
  5 howler monkeys
  The ghost of Iko the Caller, a weakling MiSu (D:3)
  3 crimson imps
  A quasit (D:6)
  4 orc priests
  A centaur skeleton (D:5)
  4 hounds
  3 orc wizards
  A bullfrog skeleton (D:5)
  5 worker ants
  3 worker ant zombies
  10 adders
  2 shadow imps
  2 adder zombies (D:5)
  6 dart slugs
  A leopard gecko (D:1)
  21 orcs
  3 giant cockroaches
  7 goblins
  14 hobgoblins
  10 kobolds
  2 quokkas (D:4)
  2 ball pythons
  3 bats
  3 frilled lizards
  A leopard gecko skeleton (D:7)
  A leopard gecko zombie (D:5)
  A quokka skeleton (D:7)
  9 rats
165 creatures vanquished.

Notes
Turn   | Place    | Note
-------+----------+-------------------------------------------
     0 | D:1      | equalderp2856 the Minotaur Fighter began the quest for the Orb.
     0 | D:1      | Reached XP level 1. HP: 19/19 MP: 0/0
   206 | D:1      | Reached XP level 2. HP: 25/27 MP: 1/1
   576 | D:1      | Reached skill level 3 in Axes
   646 | D:1      | Reached XP level 3. HP: 33/33 MP: 2/2
   932 | D:2      | Found a faded altar of an unknown god.
  1327 | D:2      | Reached XP level 4. HP: 39/40 MP: 3/3
  1836 | D:3      | Noticed Iko's ghost (weakling MiSu)
  1853 | D:3      | Killed Iko's ghost
  1853 | D:3      | Reached XP level 5. HP: 29/47 MP: 4/4
  2101 | D:4      | Reached skill level 4 in Axes
  2101 | D:4      | Reached skill level 1 in Dodging
  2203 | D:4      | Reached skill level 5 in Shields
  2203 | D:4      | Reached XP level 6. HP: 50/55 MP: 5/5
  2386 | D:4      | Reached skill level 5 in Fighting
  2421 | D:4      | Found a snail-covered altar of Cheibriados.
  2444 | D:4      | Reached skill level 5 in Axes
  2444 | D:4      | Reached skill level 5 in Armour
  2871 | D:5      | Entered Level 5 of the Dungeon
  2871 | D:5      | Found a hide-covered altar of Uskayaw.
  2871 | D:5      | Noticed Eustachio
  2875 | D:5      | Reached XP level 7. HP: 49/61 MP: 6/6
  3041 | D:4      | Reached skill level 6 in Axes
  3098 | D:4      | Killed Eustachio
  3622 | D:5      | Found a shimmering altar of Xom.
  3629 | D:5      | Reached XP level 8. HP: 69/69 MP: 7/7
  3666 | D:5      | Found Bilic's Assorted Antiques.
  3672 | D:5      | Reached skill level 7 in Axes
  3689 | D:5      | Bought a bubbling sapphire potion for 21 gold pieces
  3689 | D:5      | Bought a dark potion for 21 gold pieces
  3689 | D:5      | Bought a scroll labeled FIZ TI GEUKA for 24 gold pieces
  3689 | D:5      | Bought a bubbling sapphire potion for 21 gold pieces
  3689 | D:5      | Bought a scroll labeled DAWEMUM UVEM for 24 gold pieces
  4341 | D:6      | Got a pair of ichor-stained gloves
  4343 | D:6      | Reached skill level 8 in Axes
  4356 | D:6      | Identified the cursed +0 pair of gloves of Sloth {rElec} (You found it on level 6 of the Dungeon)
  4410 | D:6      | Noticed equalderp2856's ghost (novice MiFi)
  4707 | D:6      | Found a radiant altar of Vehumet.
  4820 | D:6      | Found a bloodstained altar of Trog.
  5308 | D:8      | Noticed a two-headed ogre
  5374 | D:7      | Reached XP level 9. HP: 27/75 MP: 8/8
  5959 | D:7      | Reached skill level 9 in Axes
  6530 | D:7      | Reached skill level 10 in Axes
  6551 | D:7      | Found a staircase to the Ecumenical Temple.
  7139 | D:7      | Found a deep blue altar of Sif Muna.
  7330 | D:8      | Noticed Joseph
  7811 | D:8      | Killed Joseph
  7945 | D:8      | Reached XP level 10. HP: 84/86 MP: 9/9
  7957 | D:8      | Mangled by a two-headed ogre

Skill      XL: |  1  2  3  4  5  6  7  8  9 |
---------------+----------------------------+-----
Armour         | 4 5 6 7 8 |  8.4
Shields        | 4 5 6 7 9 |  9.0
Axes           | 3 4 5 6 8 10 | 10.6
Fighting       | 4 5 6 7 |  7.4
Dodging        | 1 3 |  3.5
Stealth        | |  0.8
Evocations     | |  0.2

Action                   |  1- 3 |  4- 6 |  7- 9 | 10-12 || total
-------------------------+-------+-------+-------+-------++-------
Melee: War axe           |    88 |   123 |   393 |     7 ||   611
       Headbutt          |     9 |    19 |    78 |     4 ||   110
Evoke: Wand              |       |       |     6 |     1 ||     7
  Use: Scroll            |       |       |     5 |       ||     5
       Potion            |       |       |     3 |       ||     3
  Eat: Chunk             |       |     5 |     7 |       ||    12
       Ration            |       |       |     3 |       ||     3
Armor: Scale mail        |    48 |    39 |   152 |       ||   239
Dodge: Dodged            |    30 |    52 |   140 |     1 ||   223
Block: Shield            |    36 |    80 |   272 |     2 ||   390
